 Dungeon Crawl Stone Soup version 0.31-a0-202-g547052bce9 (webtiles) character file.

Game seed: 2638331610349961145

35 lunkers the Trooper (level 3, -5/34 HPs)
             Began as a Meteoran Wanderer on June 26, 2023.
             Slain by a gnoll
             ... wielding a +0 halberd
              (10 damage)
             ... on level 2 of the Dungeon.
             The game lasted 00:01:26 (634 turns).

lunkers the Trooper (Meteoran Wanderer)              Turns: 634, Time: 00:01:26

Health: -5/34      AC:  2    Str: 11    XL:     3   Next: 76%
Magic:  6/6        EV: 10    Int: 14    God:
Gold:   18         SH:  7    Dex: 17    Spells: 3/4 levels left

rFire   . . .        a - +0 dagger
rCold   . . .        e - +2 buckler
rNeg    . . .        d - +0 robe
rPois   .            (no helmet)
rElec   .            (no cloak)
rCorr   .            (no gloves)
SInv    .            (no boots)
Will    .....        (no amulet)
Stlth   +            (no ring)
HPRegen 0.25/turn    (no ring)
MPRegen 0.10/turn

%: no passive effects
@: glowing
A: sense surroundings 1, otherworldly, glowing, explore regen
a: no special abilities


You were on level 2 of the Dungeon.
You visited 1 branch of the dungeon, and saw 2 of its levels.

You collected 18 gold pieces.

Inventory:

Hand Weapons
 a - a +0 dagger (weapon)
Armour
 d - a +0 robe (worn)
 e - a +2 buckler (worn)
Scrolls
 g - 2 scrolls of poison {unknown}
 h - a scroll of fog {unknown}
Potions
 b - a potion of curing
 c - a potion of attraction
 f - a potion of brilliance {unknown}


   Skills:
 - Level 4.3 Fighting
 + Level 3.2 Short Blades
 - Level 3.6 Shields
 - Level 1.3 Spellcasting
 - Level 2.4 Summonings


You had 3 spell levels left.
You knew the following spells:

 Your Spells              Type           Power      Damage    Failure   Level
p - Summon Small Mammal   Summ           28%        N/A       13%         1

Your spell library contained the following spells:

 Spells                   Type           Power      Damage    Failure   Level
 Summon Guardian Golem    Hex/Summ       4%         N/A       54%         3
 Simulacrum               Ice/Necr       0%         N/A       100%        6
 Ozocubu's Refrigeration  Ice            0%         4d7       100%        7
 Polar Vortex             Ice            0%         N/A       100%        9


Dungeon Overview and Level Annotations

Branches:
Dungeon (2/15) Zot: 568

Altars:


Innate Abilities, Weirdness & Mutations

You passively map a small area around you.
You are easily found by Zot.
You glow in the dark.
You regain HP and MP as you explore.


Message History

You hit the gnoll.
The gnoll is almost dead.
The gnoll hits you with a +0 whip.
* * * LOW HITPOINT WARNING * * *
You hit the gnoll but do no damage.
The gnoll is almost dead.
The gnoll completely misses you.
You closely miss the gnoll.
The gnoll is almost dead.
The gnoll hits you but does no damage.
You hit the gnoll but do no damage.
The gnoll is almost dead.
You block the gnoll's attack.
You hit the gnoll but do no damage.
The gnoll is almost dead.
The gnoll hits you with a +0 whip.
* * * LOW HITPOINT WARNING * * *
You hit the gnoll.
You kill the gnoll!
Your Short Blades skill increases to level 3!
Items here: ( ))) †.
Okay, then.
You see here 5 stones.
A gnoll comes into view. It is wielding a +0 halberd.
A gnoll is nearby!
The gnoll shouts!
You see here 5 stones.
Items here: ( ))) †.
You block the gnoll's attack. You block the gnoll's attack.
You hit the gnoll.
The gnoll is lightly wounded.
You hit the gnoll.
The gnoll is moderately wounded.
The gnoll hits you with a +0 halberd!
* * * LOW HITPOINT WARNING * * *
You hit the gnoll but do no damage.
The gnoll is moderately wounded.
The gnoll hits you with a +0 halberd!
You die...

##### ####
#...####### ....
#.#....g(.####....
#.#######.........
#g# #......##.....
#@# ###...##......
#.# ###.##......
#.# ###g........
#.# *#...........
#.# #.........<..
#.. #.......)g....
##.##.....$.......
.##....)........
..#.............


You could see a gnoll.

Vanquished Creatures
  A gnoll (D:2)
  A dart slug (D:1)
  An endoplasm (D:1)
  3 goblins
  6 hobgoblins
  A kobold (D:2)
  A quokka (D:1)
  3 bats
  3 rats (D:1)
20 creatures vanquished.

Notes
Turn   | Place    | Note
-------+----------+-------------------------------------------
     0 | D:1      | lunkers the Meteoran Wanderer began the quest for the Orb.
     0 | D:1      | lunkers set off with the following items: a +0 dagger, a
                  | potion of curing, a potion of attraction, a +0 robe, a +2
                  | buckler; and the following spell memorised: Summon Small
                  | Mammal; and the following spells available to memorise:
                  | Summon Guardian Golem.
     0 | D:1      | Reached XP level 1. HP: 22/22 MP: 3/3
   141 | D:1      | Reached skill level 1 in Short Blades
   156 | D:1      | Reached XP level 2. HP: 24/28 MP: 5/5
   261 | D:1      | Reached XP level 3. HP: 34/34 MP: 6/6
   500 | D:1      | Glimpsed the power of Zot.
   550 | D:1      | Glimpsed the power of Zot.
   634 | D:2      | Slain by a gnoll

Illustrated notes

Levels and vault maps discovered:
D:1:      saegor_arrival_simple_d, layout_basic
D:2:      layout_rooms, serial_shops, nicolae_shop_crystal,
          minmay_joined_circles

Skill      XL: |  1  2  3 |
---------------+----------+-----
Short Blades   | 1 2 3 |  3.2
Fighting       | |  4.3
Shields        | |  3.6
Spellcasting   | |  1.3
Summonings     | |  2.4

Action                     || total
---------------------------++-------
  Melee: Dagger            ||    98
 Armour: Robe              ||    23
  Dodge: Dodged            ||    33
  Block: Buckler           ||    28

Table legend: (Time is in decaauts)
 A = Elapsed time spent in this place.
 B = Non-inter-level travel time spent in this place.
 C = Inter-level travel time spent in this place.
 D = Time resting spent in this place.
 E = Time spent auto-exploring this place.
 F = Levels seen in this place.
 G = Mean time per level.
                   A        B        C        D        E       F      G
               +--------+--------+--------+--------+--------+-----+--------+
         Total |    630 |    565 |     65 |      0 |    370 |   2 |  315.0 |
       Dungeon |    630 |    565 |     65 |      0 |    370 |   2 |  315.0 |
               +--------+--------+--------+--------+--------+-----+--------+

Top non-repeatable levels by time:
     D:1: 567 daAuts
     D:2: 63 daAuts
